 Dungeon Crawl Stone Soup version 0.19.0-24-gb05acd6 (console) character file.

228 Kloppie the Spear-Bearer (level 6, -2/50 HPs)
             Began as a Merfolk Berserker on Nov 22, 2016.
             Was a Believer of Trog.
             Slain by Grinder (6 damage)
             ... on level 3 of the Dungeon.
             The game lasted 00:03:08 (1991 turns).

Kloppie the Spear-Bearer (Merfolk Berserker)        Turns: 1991, Time: 00:03:08

Health: -2/50      AC:  6    Str: 17    XL:     6   Next: 2%
Magic:  6/6        EV: 10    Int:  7    God:    Trog [**....]
Gold:   183        SH:  0    Dex: 15    Spells: 0 memorised, 5 levels left

rFire  . . .     SeeInvis .     a - +0 trident
rCold  . . .     Gourm    .     r - +0 scale mail
rNeg   . . .     Faith    .     (no shield)
rPois  +         Spirit   .     (no helmet)
rElec  .         Reflect  .     (no cloak)
rCorr  .         Harm     .     (no gloves)
MR     ++...                    (no boots)
Stlth  ..........               (no amulet)
                                (no ring)
                                b - ring of poison resistance

@: exhausted, regenerating, slowed, very slow
A: change form in water, swift swim, stealthy swim
a: Berserk, Trog's Hand, Burn Spellbooks, Renounce Religion


You were on level 3 of the Dungeon.
You worshipped Trog.
Trog was pleased with you.
You were near starving.

You visited 1 branch of the dungeon, and saw 3 of its levels.

You collected 183 gold pieces.

Inventory:

Hand Weapons
 a - a +0 trident (weapon)
 q - a +0 spear
Armour
 r - a +0 scale mail (worn)
Jewellery
 b - a ring of poison resistance (left hand)
Scrolls
 d - 4 scrolls of identify {unknown}
 f - a scroll of recharging {unknown}
 g - a scroll of random uselessness {unknown}
 h - 2 scrolls of enchant weapon {unknown}
 k - a scroll of amnesia {unknown}
 l - 2 scrolls of remove curse {unknown}
 m - a scroll of immolation {unknown}
 s - 2 scrolls of fear {unknown}
 t - a scroll of enchant armour {unknown}
 w - 3 scrolls of teleportation {unknown}
Potions
 e - 3 potions of haste {unknown}
 i - 2 potions of brilliance {unknown}
 n - a potion of lignification {unknown}
 p - 2 potions of might {unknown}
 u - a potion of mutation {unknown}
 v - a potion of heal wounds {unknown}
 x - a potion of curing {unknown}
 z - a potion of cancellation {unknown}
Comestibles
 c - 5 bread rations
 j - a chunk of flesh
 o - a meat ration


   Skills:
 + Level 4.8 Fighting
 * Level 8.1 Polearms
 - Level 1.3 Armour
 - Level 2.6 Dodging


You had 5 spell levels left.
You didn't know any spells.

Dungeon Overview and Level Annotations

Branches:
Dungeon (3/15)

Altars:
Yredelemnul

Annotations:
D:3 Grinder


Message History

Something hits you but does no damage.
You suddenly lose the ability to move!
Something tries to affect you, but you resist.
Something hits you!
* * * LOW HITPOINT WARNING * * *
You writhe in agony.
* * * LOW HITPOINT WARNING * * *
Something hits you.
* * * LOW HITPOINT WARNING * * *
You writhe in agony.
* * * LOW HITPOINT WARNING * * *
Something tries to affect you, but you resist.
You can move again.
Your skin crawls.
You feel resistant to hostile enchantments.
You are near starving!
Something hits you.
* * * LOW HITPOINT WARNING * * *
You writhe in agony.
You die...

.....# #.#############
##.#.# #.............#
##.#.###############.#
..........>..........#
##.#........###############
####################......#
.......................##.#
####################<#.##.#
####......@..).#)##.#
#........#####.#.##.##
#........# #.#.....#
#........# #.#######
#........# #.# #........#
#.# #........# #.#
#....##### .# #.####


There were no monsters in sight!

Vanquished Creatures
  The ghost of Minion the Chopper, an amateur DsCK of Xom (D:3)
  Jessica (D:2)
  Terence (D:2)
  2 adders
  2 oozes
  A worm (D:2)
  2 dart slugs (D:1)
  3 leopard geckos
  A ball python (D:2)
  3 bats (D:1)
  A giant cockroach (D:3)
  6 goblins
  3 hobgoblins
  9 jackals
  8 kobolds
  5 frilled lizards
  10 rats
  A spectral orc (D:3)
60 creatures vanquished.

Notes
Turn   | Place    | Note
-------+----------+-------------------------------------------
     0 | D:1      | Kloppie the Merfolk Berserker began the quest for the Orb.
     0 | D:1      | Reached XP level 1. HP: 18/18 MP: 1/1
   160 | D:1      | Reached XP level 2. HP: 21/24 MP: 2/2
   349 | D:1      | Reached skill level 5 in Polearms
   645 | D:1      | Reached ** piety under Trog
   645 | D:1      | Reached XP level 3. HP: 20/30 MP: 3/3
   898 | D:2      | Reached skill level 6 in Polearms
  1052 | D:2      | Noticed Terence
  1068 | D:2      | Killed Terence
  1068 | D:2      | Reached XP level 4. HP: 32/37 MP: 4/4
  1172 | D:2      | Noticed Jessica
  1192 | D:2      | Killed Jessica
  1192 | D:2      | Reached skill level 7 in Polearms
  1192 | D:2      | Reached XP level 5. HP: 34/42 MP: 5/5
  1641 | D:3      | Found a basalt altar of Yredelemnul.
  1704 | D:3      | Noticed Minion's ghost (amateur DsCK)
  1712 | D:3      | Killed Minion's ghost
  1712 | D:3      | Reached skill level 8 in Polearms
  1712 | D:3      | Reached XP level 6. HP: 50/50 MP: 6/6
  1961 | D:3      | Noticed Grinder
  1985 | D:3      | Paralysed by something for 5 turns
  1991 | D:3      | Slain by Grinder

Skill      XL: |  1  2  3  4  5 |
---------------+----------------+-----
Polearms       | 5 6 7 8 |  8.1
Fighting       | 4 |  4.8
Armour         | |  1.3
Dodging        | |  2.6

Action                   |  1- 3 |  4- 6 || total
-------------------------+-------+-------++-------
Melee: Spear             |   146 |       ||   146
       Trident           |       |    78 ||    78
Invok: Berserk           |     3 |     2 ||     5
       Trog's Hand       |       |     2 ||     2
 Stab: Sleeping          |     2 |       ||     2
  Eat: Chunk             |     2 |     5 ||     7
Armor: Animal skin       |    11 |       ||    11
       Scale mail        |       |    31 ||    31
Dodge: Dodged            |    60 |    23 ||    83
